cohdb
Replays
Latest Replays
All Replays
Popular Replays
Top Player Replays
Match Explorer
How It Works
Community
CoH3 Stats
Reddit
Sign in to upload your games and track your stats! →
Sign in with Steam
Match 41636112
Unlisted
Match 41636112
Overview
Messages
Build Orders
End
Construct Barracks
Riflemen Squad
Riflemen Squad
M1 Mortar Team
Riflemen Squad
Grenade Package
Selects Advanced Infantry Battlegroup
Selects Convert to Ranger Squad
Infantry Support Center
M1 Mortar Team
Advanced Logistics
Munitions Surplus
Selects Frontline Medical Station
Frontline Medical Station
Convert to Ranger Squad
Survival Training
Convert to Ranger Squad
Construct Weapon Support Center
Convert to Ranger Squad
Selects Ranger Weapon Training
Improved M9 Bazooka Rockets
CPU - VERY EASY
gAtoR45
Farsit
sangdeg12
Deiminho10
MRSW4GGER4
Vengeful One
kdogg6238
0
0
Comments
sign in to comment!
No comments posted yet!